Map: Cerulean Fall LE

Players

Harstem - Winner!

  • Race: Protoss Protoss
  • League: Master
  • Spawn Location: 1:00

Elazer

  • Race: Zerg Zerg
  • Spawn Location: 7:00

Event: HomeStory Cup XVIII

VOD

Have the link to the VOD?

Description

Time

  • Played on: Nov. 24, 2018, 7:38 a.m.
  • Length: 11:14

All games in this series

Show
View Real Time Build Order
Export as new Build Order

Harstem Protoss - Winner!

Build Orders: 1 Gate Expand, Phoenix Opening, Mass Adepts 

Get SALT Encoding   

  12  0:00  Probe  
  13  0:13  Probe  
  14  0:20  Pylon  
  14  0:25  Probe  
  15  0:30  Assimilator  
  15  0:34  Probe  
  16  0:43  Probe  
  16  0:45  Gateway  
  17  0:53  Probe  
  18  1:05  Probe  
  19  1:17  Probe  
  20  1:24  Nexus  
  20  1:34  Cybernetics Core  
  20  1:37  Probe  
  21  1:42  Assimilator  
  21  1:49  Probe  
  21  1:53  Pylon  
  22  2:01  Probe  
  23  2:02  Adept  
  23  2:11  Warp Gate  
  23  2:13  Probe  
  26  2:22  Stargate  
  26  2:25  Probe  
  26  2:28  Adept  
  29  2:33  Probe  
  29  2:34  Probe  
  30  2:41  Probe  
  30  2:42  Probe  
  31  2:45  Assimilator  
  31  2:51  Probe x2  
  35  3:02  Phoenix  
  35  3:03  Probe x2  
  37  3:12  Gateway  
  39  3:15  Probe  
  39  3:18  Probe, Twilight Council  
  41  3:25  Gateway  
  41  3:33  Robotics Facility  
  41  3:35  Resonating Glaives, Probe  
  41  3:37  Probe  
  43  3:46  Gateway  
  43  3:51  Gateway  
  43  3:58  Probe, Pylon  
  43  3:59  Probe  
  45  4:04  Pylon  
  45  4:12  Warp Prism  
  45  4:13  Pylon  
  45  4:16  Adept  
  47  4:17  Adept  
  47  4:19  Adept  
  53  4:40  Adept x3  
  53  4:42  Adept  
  61  4:47  Pylon, Adept  
  63  4:55  Pylon  
  64  5:05  Probe  
  64  5:08  Adept x5  
  64  5:12  Observer  
  75  5:29  Adept x5  
  83  5:37  Nexus  
  81  5:43  Pylon  
  81  5:49  Immortal  
  79  5:55  Adept x4  
  81  6:06  Adept  
  77  6:16  Probe  
  77  6:18  Probe  
  75  6:20  Pylon  
  75  6:21  Immortal  
  75  6:22  Assimilator  
  75  6:24  Sentry  
  73  6:27  Forge  
  73  6:28  Probe  
  73  6:30  Probe  
  79  6:40  Probe  
  79  6:41  Zealot, Sentry  
  79  6:42  Zealot  
  79  6:43  Probe  
  87  6:49  Probe  
  87  6:51  Immortal  
  84  6:55  Probe  
  84  6:56  Probe  
  86  7:06  Protoss Ground Weapons Level 1  
  86  7:08  Probe  
  86  7:10  Adept x3  
  86  7:14  Probe x2  
  93  7:17  Zealot  
  95  7:23  Probe  
  95  7:26  Probe x2, Immortal  
  95  7:29  Zealot  
  98  7:35  Probe  
  99  7:38  Zealot x2  
  101  7:44  Probe  
  101  7:46  Dark Shrine  
  101  7:48  Probe  
  101  7:49  Probe  
  104  7:55  Immortal  
  105  8:03  Adept x3  
  117  8:08  Pylon  
  117  8:10  Assimilator, Shield Battery  
  114  8:14  Assimilator  
  114  8:20  Adept  
  114  8:21  Charge  
  111  8:30  Gateway x2  
  111  8:32  Phoenix  
  108  8:35  Gateway  
  108  8:37  Photon Cannon  
  110  8:43  Shield Battery  
  110  8:44  Shield Battery  
  107  8:50  Probe  
  107  8:53  Probe  
  107  8:54  Probe  
  108  8:57  Phoenix, Shield Battery  
  108  9:05  Dark Templar x3  
  108  9:09  Probe  
  110  9:13  Phoenix, Probe  
  112  9:20  Stalker x2  
  117  9:25  Sentry  
  117  9:29  Stalker  
  110  9:34  Probe  
  110  9:35  Probe  
  110  9:36  Shield Battery  
  107  9:39  Phoenix  
  107  9:40  Zealot, Sentry  
  107  9:44  Dark Templar  
  113  9:48  Dark Templar  
  113  9:49  Probe  
  113  9:51  Probe  
  105  9:56  Zealot, Dark Templar  
  105  9:59  Zealot  
  88  10:02  Probe x2  
  88  10:03  Phoenix, Probe  
  89  10:10  Dark Templar  
  89  10:14  Probe  
  90  10:22  Phoenix, Probe  
  83  10:28  Probe  
  83  10:30  Zealot x3  
  83  10:31  Zealot  
  83  10:35  Probe  
  87  10:40  Pylon  
  84  10:48  Zealot, Sentry  
  88  10:51  Probe  
  88  10:52  Archon  
  88  10:53  Zealot  
  91  10:58  Pylon  
  91  11:01  Probe  
Show
View Real Time Build Order
Export as new Build Order

Elazer Zerg 

Build Orders: Hatch First 

Get SALT Encoding   

  12  0:01  Drone  
  13  0:12  Overlord  
  13  0:17  Drone  
  14  0:30  Drone x2  
  16  0:48  Hatchery  
  15  0:51  Drone  
  15  0:55  Drone  
  17  0:58  Drone  
  18  1:08  Extractor  
  17  1:13  Spawning Pool  
  17  1:16  Drone  
  17  1:19  Drone  
  18  1:28  Drone  
  19  1:38  Drone  
  20  1:49  Drone  
  21  2:00  Queen, Overlord  
  21  2:01  Queen  
  25  2:02  Zergling x2  
  26  2:12  Metabolic Boost  
  26  2:15  Zergling x4  
  28  2:26  Drone x2  
  30  2:33  Drone x2  
  32  2:39  Hatchery  
  31  2:46  Queen  
  31  2:50  Overlord  
  33  2:53  Drone  
  33  2:56  Drone  
  33  2:58  Drone  
  36  3:08  Drone  
  36  3:09  Drone x2  
  36  3:10  Overlord  
  36  3:11  Drone  
  36  3:12  Drone  
  41  3:14  Drone  
  41  3:16  Drone  
  41  3:19  Drone  
  44  3:27  Queen  
  44  3:29  Overlord  
  44  3:31  Drone  
  44  3:32  Drone  
  48  3:37  Spore Crawler  
  48  3:39  Drone  
  48  3:44  Drone x4  
  52  3:54  Overlord  
  52  3:55  Drone x4  
  56  3:58  Extractor  
  56  3:59  Extractor  
  56  4:00  Roach Warren  
  56  4:02  Drone  
  54  4:05  Overlord  
  54  4:07  Drone  
  54  4:08  Drone  
  56  4:15  Drone x2, Overlord  
  58  4:19  Overlord  
  58  4:21  Overlord  
  57  4:32  Overlord  
  57  4:36  Lair  
  57  4:40  Roach x5  
  57  4:45  Roach x2  
  71  4:49  Roach  
  71  4:50  Roach  
  71  4:52  Overlord  
  75  4:54  Roach  
  75  4:57  Roach  
  75  4:59  Roach  
  81  5:01  Overlord  
  81  5:03  Roach  
  81  5:05  Roach  
  85  5:07  Roach  
  85  5:09  Roach  
  85  5:12  Roach  
  91  5:16  Overlord  
  88  5:31  Roach x7  
  100  5:41  Glial Reconstitution  
  100  5:49  Roach  
  100  5:50  Roach x2  
  96  5:59  Overlord  
  96  6:07  Roach x4  
  96  6:13  Roach  
  96  6:14  Roach  
  96  6:17  Roach x2  
  100  6:23  Drone, Extractor  
  98  6:26  Drone x3  
  98  6:27  Hatchery  
  98  6:28  Drone  
  101  6:34  Drone x3  
  104  6:45  Spire, Overlord  
  103  6:50  Roach x3  
  107  7:00  Queen  
  109  7:07  Drone x9  
  116  7:08  Extractor  
  116  7:14  Extractor  
  116  7:15  Overlord  
  102  7:41  Zergling x22  
  107  8:03  Mutalisk  
  107  8:04  Mutalisk x7  
  122  8:10  Mutalisk  
  122  8:12  Zergling x2  
  125  8:13  Zergling x8  
  125  8:32  Mutalisk x3  
  124  8:41  Zergling x16  
  130  8:49  Zergling x2  
  130  9:00  Zergling x2  
  130  9:01  Zergling x16  
  136  9:05  Mutalisk  
  136  9:06  Mutalisk  
  136  9:08  Ravager  
  136  9:09  Ravager x2  
  141  9:11  Ravager x2  
  141  9:12  Zergling x4  
  145  9:18  Zergling x2  
  145  9:19  Zergling x6  
  144  9:36  Zergling x16  
  147  9:43  Overseer  
  120  9:55  Roach x7  
  94  10:12  Zergling x10  
  75  10:29  Overseer x3  
  61  10:40  Roach x4  
  56  10:44  Roach  
  56  10:45  Zergling x4  
  58  10:51  Zergling x4  
  61  10:57  Ravager  
Tags
 
Add a new tag
Caveats
  • Supply blocks, unpowered buildings, or Contaminate may cause inaccurate times.
  • Supply counts are checked every 10 seconds.